 Dungeon Crawl Stone Soup version 0.18.1-50-g88ac8fd (console) character file.

859 Kloppie the Shield-Bearer (level 8, -22/58 HPs)
             Began as a Formicid Fighter on Oct 25, 2016.
             Killed from afar by Pikel (27 damage)
             ... with a wand of lightning
             ... on level 5 of the Dungeon.
             The game lasted 00:06:59 (4386 turns).

Kloppie the Shield-Bearer (Formicid Fighter)        Turns: 4386, Time: 00:07:00

Health: -22/58     AC: 15    Str: 21    XL:     8   Next: 22%
Magic:  8/8        EV:  5    Int:  8    God:
Gold:   166        SH: 10    Dex: 12    Spells: 0 memorised, 7 levels left

rFire  . . .     SeeInvis +     a - +0 quarterstaff
rCold  . . .     Gourm    .     E - +0 plate armour
rNeg   . . .     Faith    .     c - +0 shield
rPois  .         Spirit   .     (helmet unavailable)
rElec  .         Dismiss  .     y - +2 cloak
rCorr  .         Reflect  .     (no gloves)
SustAt .         Harm     .     (no boots)
MR     .....                    (no amulet)
Stlth  ..........               (no ring)
                                n - ring of wizardry

@: not resistant to hostile enchantments, extremely unstealthy
A: permanent stasis, dig shafts and tunnels, four strong arms, antennae 3
a: Dig, Shaft Self


You were on level 5 of the Dungeon.
You were not hungry.

You visited 2 branches of the dungeon, and saw 6 of its levels.

You collected 166 gold pieces.

Inventory:

Hand Weapons
 a - a +0 quarterstaff (weapon)
Armour
 c - a +0 shield (worn)
 y - a +2 cloak (worn)
 E - a +0 plate armour (worn)
Jewellery
 n - a ring of wizardry (left hand)
Wands
 d - a wand of lightning (6/15)
 h - a wand of digging (9/24)
 w - a wand of flame (25/48)
 D - a wand of digging (10/24)
 H - a wand of flame (21/48)
Scrolls
 e - 6 scrolls of identify {unknown}
 i - a scroll of fog {unknown}
 j - a scroll of amnesia {unknown}
 l - 2 scrolls of enchant armour {unknown}
 o - a scroll of magic mapping {unknown}
 r - 4 scrolls of recharging {unknown}
 u - 4 scrolls of teleportation {unknown}
 v - 2 scrolls of random uselessness {unknown}
 B - a scroll of fear {unknown}
 C - 2 scrolls of remove curse {unknown}
Potions
 p - a potion of lignification {unknown}
 q - a potion of magic {unknown}
 s - a potion of ambrosia {unknown}
 z - a potion of flight {unknown}
 F - 2 potions of haste {unknown}
 G - a potion of agility {unknown}
Comestibles
 b - a slice of pizza
 f - 3 bread rations
 g - 6 fruits
 k - 2 royal jellies
 t - a beef jerky
 x - 6 chunks of flesh
 A - 2 meat rations


   Skills:
 - Level 3.2 Fighting
 + Level 6.6 Staves
 + Level 5.1 Armour
 - Level 6.8 Shields


You had 7 spell levels left.
You didn't know any spells.

Dungeon Overview and Level Annotations

Branches:
Dungeon (5/15)             Temple (1/1) D:4

Altars:
Ashenzari
Cheibriados
Dithmenos
Elyvilon
Fedhas
Gozag
Kikubaaqudgha
Okawaru
Pakellas
Qazlal
Sif Muna
Vehumet
Xom
Yredelemnul
Zin
The Shining One

Annotations:
D:5 Pikel


Innate Abilities, Weirdness & Mutations

You are under a permanent stasis effect.
You can dig through walls and to a lower floor.
Your four strong arms can wield two-handed weapons with a shield.
You have a pair of large antennae on your head (SInv).


Message History

* * * LOW HITPOINT WARNING * * *
Drink which item? (? for menu, Esc to quit)
Okay, then.
You extend your mandibles.
You dig through the rock wall.
You dig through the rock wall.
You dig through the rock wall.
You dig through the rock wall.
Drink which item? (? for menu, Esc to quit)
It was a potion of curing.
You feel better.
Drink which item? (? for menu, Esc to quit)
You feel better.
Pikel zaps a wand.
The bolt of lightning hits you!
* * * LOW HITPOINT WARNING * * *
You retract your mandibles.
You block the slave's attack.
Drink which item? (? for menu, Esc to quit)
Okay, then.
Read which item? (? for menu, Esc to quit)
Okay, then.
Pikel zaps a wand.
The bolt of lightning hits you!
You die...

.............#
.............#
....
.........##{##
....
.#.........#.##
....
#........###p.#
....
.....###.###Kp#
....
.#.#.#.[......#
....
..#..........#
....
..##....@....#
....
#...........$#..
....
..#.............#
#...
...............##
# .
#...<............
#
........#....#.).)
#
........#...##.._.
# #..###..=....#
).) # p.
##........


You could see Pikel and 2 slaves.

Vanquished Creatures
  Sigmund (D:5)
  A necrophage (D:5)
  A slave (D:5)
  An ogre (D:4)
  A centaur (D:5)
  A scorpion (D:4)
  An orc priest (D:2)
  2 orc wizards
  4 worker ants
  7 adders
  5 gnolls
  An adder skeleton (D:5)
  3 worms
  3 dart slugs
  2 giant geckos
  11 orcs
  5 giant cockroaches (D:1)
  10 goblins
  9 hobgoblins
  11 jackals (D:4)
  2 quokkas
  A ball python skeleton (D:4)
  4 bats
  2 giant newts
  11 kobolds
  8 rats
108 creatures vanquished.

Notes
Turn   | Place    | Note
--------------------------------------------------------------
     0 | D:1      | Kloppie the Formicid Fighter began the quest for the Orb.
     0 | D:1      | Reached XP level 1. HP: 18/18 MP: 1/1
   144 | D:1      | Reached XP level 2. HP: 20/24 MP: 2/2
   302 | D:1      | Reached XP level 3. HP: 29/29 MP: 3/3
  1392 | D:2      | Reached XP level 4. HP: 26/35 MP: 4/4
  1428 | D:2      | Reached skill level 5 in Shields
  1428 | D:2      | Reached XP level 5. HP: 5/41 MP: 5/5
  2098 | D:3      | Found a glowing silver altar of Zin.
  2644 | D:4      | Found a staircase to the Ecumenical Temple.
  2689 | Temple   | Entered the Ecumenical Temple
  2875 | D:4      | Reached XP level 6. HP: 47/47 MP: 6/6
  3015 | D:4      | Noticed an ogre
  3025 | D:4      | Killed an ogre
  3025 | D:4      | Reached skill level 5 in Staves
  3060 | D:4      | Reached XP level 7. HP: 44/52 MP: 7/7
  3960 | D:5      | Entered Level 5 of the Dungeon
  3969 | D:5      | Found an oddly glowing altar of Pakellas.
  4060 | D:5      | Noticed Sigmund
  4091 | D:5      | Killed Sigmund
  4091 | D:5      | Reached XP level 8. HP: 23/58 MP: 8/8
  4175 | D:5      | Found a blossoming altar of Fedhas.
  4184 | D:5      | Reached skill level 5 in Armour
  4356 | D:5      | Found an iron altar of Okawaru.
  4360 | D:5      | Noticed Pikel
  4386 | D:5      | Killed from afar by Pikel

Skill      XL: |  1  2  3  4  5  6  7  8 |
---------------+-------------------------+-----
Shields        | 4 5 6 |  6.8
Staves         | 3 4 5 6 |  6.6
Armour         | 4 5 |  5.1
Fighting       | |  3.2

Action                   |  1- 3 |  4- 6 |  7- 9 || total
-------------------------+-------+-------+-------++-------
Melee: Quarterstaff      |    75 |   188 |   158 ||   421
 Abil: Dig               |       |       |     1 ||     1
  Use: Potion            |       |     2 |     2 ||     4
  Eat: Chunk             |     1 |     6 |     5 ||    12
Armor: Scale mail        |    35 |     8 |       ||    43
       Chain mail        |       |    75 |    16 ||    91
       Plate armour      |       |       |    57 ||    57
Dodge: Dodged            |    33 |    54 |    31 ||   118
Block: Shield            |    28 |    91 |    84 ||   203
